 Dungeon Crawl Stone Soup version 0.28-a0-503-g83f2989fac (webtiles) character file.

Game seed: 1932222945648028178

37 siradein the Covered (level 3, -5/24 HPs)
             Began as a Gargoyle Fighter on Sept 20, 2021.
             Killed by divine providence
             ... invoked by an orc priest
              (17 damage)
             ... on level 2 of the Dungeon.
             The game lasted 00:02:10 (1288 turns).

siradein the Covered (Gargoyle Fighter)             Turns: 1288, Time: 00:02:10

Health: -5/24      AC: 10    Str: 19    XL:     3   Next: 39%
Magic:  3/3        EV:  9    Int:  8    God:
Gold:   133        SH:  4    Dex: 10    Spells: 2/2 levels left

rFire   . . .      SeeInvis .   a - +0 flail
rCold   . . .      Faith    .   c - +0 buckler
rNeg    + . .      Spirit   .   b - +0 scale mail
rPois   ∞          Reflect  .   (no helmet)
rElec   +          Harm     .   (no cloak)
rCorr   .          Rampage  .   (no gloves)
Will    .....                   (no boots)
Stlth   ..........              (no amulet)
HPRegen 0.08/turn               (no ring)
MPRegen 0.08/turn               (no ring)

@: no status effects
A: sickness immunity, AC +3, negative energy resistance 1, electricity
resistance, torment resistance 1, petrification resistance
a: no special abilities


You were on level 2 of the Dungeon.
You visited 1 branch of the dungeon, and saw 2 of its levels.

You collected 133 gold pieces.

Inventory:

Hand Weapons
 a - a +0 flail (weapon)
Missiles
 i - 6 poisoned darts (quivered)
Armour
 b - a +0 scale mail (worn)
 c - a +0 buckler (worn)
Scrolls
 f - a scroll of summoning {unknown}
 g - a scroll of fear {unknown}
Potions
 d - a potion of might
 e - a potion of curing {unknown}
 h - a potion of lignification {unknown}


   Skills:
 + Level 3.7 Fighting
 + Level 2.5 Maces & Flails
 + Level 3.7 Armour
 + Level 3.7 Shields


You had 2 spell levels left.
You didn't know any spells.
Your spell library contained the following spells:

 Spells                   Type           Power      Damage    Failure   Level
 Shock                    Conj/Air       0%         1d3       78%         1
 Passwall                 Tmut/Erth      0%         N/A       89%         2
 Swiftness                Air            0%         N/A       98%         3
 Airstrike                Air            0%         N/A       100%        4
 Invisibility             Hex            0%         N/A       100%        6


Dungeon Overview and Level Annotations

Branches:
Dungeon (2/15)

Altars:

Shops:
D:1 ([*[(


Innate Abilities, Weirdness & Mutations

You are immune to sickness and miasma.
Your stone body is resilient. (AC +3)
You are immune to poison.
You resist negative energy. (rN+)
You are resistant to electric shocks. (rElec)
You are resistant to unholy torment.
You are immune to petrification.


Message History

The hobgoblin shouts!
The ball python hisses angrily.
Found 6 poisoned darts.
There is a stone staircase leading up here.
There are monsters nearby!
You hit the hobgoblin but do no damage. You block the hobgoblin's attack.
You barely miss the hobgoblin. The hobgoblin closely misses you.
You closely miss the hobgoblin. The hobgoblin hits you.
The ball python bites you but does no damage.
The ball python barely misses you. You block the hobgoblin's attack.
You thump the ball python!
You kill the ball python!
You block the hobgoblin's attack.
You hit the hobgoblin but do no damage.
The hobgoblin hits you but does no damage.
You thump the hobgoblin!
You kill the hobgoblin!
No target in view!
No target in view!
No target in view!
No target in view!
No target in view!
No target in view!
No target in view!
You see here 6 poisoned darts.
i - 6 poisoned darts HP restored.
Found a stone staircase leading down.
You now have 133 gold pieces (gained 16).
There is a stone staircase leading down here. 4 orcs and 2 orc priests come into view.
An orc priest is wielding a +0 mace of protection.
The orc shouts! x4
There is a stone staircase leading down here.
The orc priest calls down the wrath of Beogh upon you.
Beogh smites you!
Ouch! That really hurt!
The orc priest mumbles some strange prayers to Beogh against you.
Beogh smites you!
Ouch! That really hurt!
You die...

##########
#........#
#<.......#
#..†.....#
#..†.....#
#........#
#........# ..
#.@......#
#..####........#
##.............#
#........o.######
#.######......#
#o####.# #.# #
##o# ##..#


You could see an orc priest and 2 orcs.

Vanquished Creatures
  2 dart slugs (D:1)
  3 endoplasms (D:1)
  2 giant cockroaches (D:1)
  8 hobgoblins
  3 jackals (D:1)
  3 kobolds (D:1)
  A quokka (D:1)
  A ball python (D:2)
  3 goblins (D:1)
  A rat (D:1)
27 creatures vanquished.

Notes
Turn   | Place    | Note
-------+----------+-------------------------------------------
     0 | D:1      | siradein the Gargoyle Fighter began the quest for the Orb.
     0 | D:1      | Reached XP level 1. HP: 14/14 MP: 1/1
    32 | D:1      | Found Vurenu's Antique Weapon Emporium.
   216 | D:1      | Reached XP level 2. HP: 13/19 MP: 2/2
   364 | D:1      | Found Sosmea's Armour Shoppe.
   390 | D:1      | Found Napaiz's Antique Armour Shoppe.
   651 | D:1      | Found Sutocodgheago's General Store.
   680 | D:1      | Reached XP level 3. HP: 20/23 MP: 3/3
   736 | D:1      | Found Ahug Kan's Weapon Boutique.
  1102 | D:1      | Found a faded altar of an unknown god.
  1288 | D:2      | Killed from afar by an orc priest

Illustrated notes

Levels and vault maps discovered:
D:1:      ncdulo_smallfort, layout_rooms,
          hellmonk_ecumenical_altar_heavens_door, serial_shops, shop, shop,
          shop, shop_coins, nicolae_shop_window_shopping
D:2:      cheibrodos_pilgrimage, layout_rooms

Action                   || total
-------------------------++-------
Melee: Flail             ||    90
Armor: Scale mail        ||    58
Dodge: Dodged            ||    40
Block: Buckler           ||    15

Table legend: (Time is in decaauts)
 A = Elapsed time spent in this place.
 B = Non-inter-level travel time spent in this place.
 C = Inter-level travel time spent in this place.
 D = Time resting spent in this place.
 E = Time spent auto-exploring this place.
 F = Levels seen in this place.
 G = Mean time per level.
                   A        B        C        D        E       F      G
               +--------+--------+--------+--------+--------+-----+--------+
         Total |   1314 |   1302 |     12 |    189 |    886 |   2 |  657.0 |
       Dungeon |   1314 |   1302 |     12 |    189 |    886 |   2 |  657.0 |
               +--------+--------+--------+--------+--------+-----+--------+

Top non-repeatable levels by time:
     D:1: 1222 daAuts
     D:2: 91 daAuts
